 Dungeon Crawl Stone Soup version 0.23.2-40-g277498a (webtiles) character file.

Game seed: 1657170226397492990

1408 ClockworkOrrery the Skirmisher (level 8, -1/53 HPs)
             Began as a Gargoyle Fighter on Oct 12, 2019.
             Was an Initiate of Ashenzari.
             Slain by an orc warrior
             ... wielding a +0 dire flail
              (13 damage)
             ... on level 6 of the Dungeon.
             The game lasted 00:21:07 (6187 turns).

ClockworkOrrery the Skirmisher (Gargoyle Fighter)   Turns: 6187, Time: 00:21:07

Health: -1/53      AC: 20    Str: 22    XL:     8   Next: 70%
Magic:  0/12       EV:  9    Int:  9    God:    Ashenzari [......]
Gold:   248        SH: 10    Dex:  7    Spells: 13/13 levels left

rFire    + . .     SeeInvis .   a - +2 flail (pain)
rCold    . . .     Gourm    .   c - +0 shield
rNeg     + . .     Faith    .   u - +6 scale mail "Qieffu" {rPois rF+ MR++ Dex-2}
rPois    ∞         Spirit   +   (no helmet)
rElec    +         Reflect  .   G - scarf {Spirit}
rCorr    .         Harm     .   p - +0 pair of gloves
MR       ++...                  (no boots)
Stlth    ..........             (no amulet)
HPRegen  0.17/turn              (no ring)
MPRegen  0.13/turn              (no ring)

@: no status effects
A: negative energy resistance 1, electricity resistance, unbreathing,
petrification resistance, rot immunity, AC +5
a: Curse Item, Renounce Religion


You were on level 6 of the Dungeon.
You worshipped Ashenzari.
Ashenzari was noncommittal.
You were not hungry.

You visited 1 branch of the dungeon, and saw 6 of its levels.

You collected 248 gold pieces.

Inventory:

Hand Weapons
 a - a +2 flail of pain (weapon)
 m - a +4 dagger of venom
 y - a +0 morningstar
 z - the +4 dagger of the Insatiable Lovers {antimagic, rElec}
   (You found it on level 5 of the Dungeon)

   It reduces the magical energy of the wielder, and disrupts the spells and
   magical abilities of those hit.
   Natural abilities and divine invocations are not affected.
   It insulates you from electricity.
Missiles
 e - 190 stones (quivered)
Armour
 c - a +0 shield (worn)
 h - a +0 scale mail of cold resistance
 p - a +0 pair of gloves (worn)
 q - a +1 ring mail of fire resistance
 t - a +0 chain mail
 u - the +6 scale mail "Qieffu" (worn) {rPois rF+ MR++ Dex-2}
   (You found it on level 3 of the Dungeon)

   It affects your dexterity (-2).
   It protects you from fire.
   It protects you from poison.
   It affects your resistance to hostile enchantments.
 G - a scarf of spirit shield (worn)
Jewellery
 F - an uncursed ring of positive energy
Wands
 n - a wand of flame (33)
Scrolls
 b - 2 scrolls of fear
 g - 2 scrolls of teleportation
 r - a scroll of magic mapping
 s - 4 scrolls of fog
 w - 2 scrolls of remove curse
 x - a scroll of enchant armour {unknown}
 A - a scroll of blinking
 B - a scroll of enchant weapon {unknown}
 D - a scroll of immolation {unknown}
Potions
 d - 2 potions of might
 i - 2 potions of curing {unknown}
 j - a potion of experience {unknown}
 k - 2 potions of berserk rage {unknown}
 l - 4 potions of lignification {unknown}
 o - 2 potions of invisibility {unknown}
 C - a potion of brilliance {unknown}
Miscellaneous
 v - a lightning rod (4/4)
Comestibles
 f - 9 rations
 E - a chunk of flesh


   Skills:
 * Level 7.1 Fighting
 + Level 4.0 Maces & Flails
 + Level 5.5 Armour
 + Level 3.1 Dodging
 + Level 5.4 Shields
 + Level 3.0 Spellcasting


You had 13 spell levels left.
You didn't know any spells.
Your spell library contained the following spells:

 Spells                   Type           Power        Failure   Level  Hunger
 Confusing Touch          Hex            #.....       94%         1    ##.....
 Confuse                  Hex            #.......     100%        3    ####...
 Gell's Gravitas          Tloc           #.........   100%        3    ####...
 Petrify                  Tmut/Erth      #.......     100%        4    #####..
 Metabolic Englaciation   Hex/Ice        #.........   100%        5    ######.
 Yara's Violent Unravell  Hex/Tmut       #.........   100%        5    ######.


Dungeon Overview and Level Annotations

Branches:
Dungeon (6/15)
 Temple: D:4-7

Altars:
Ashenzari
Dithmenos
Fedhas
Hepliaklqana
Kikubaaqudgha
Nemelex Xobeh
Ru
Sif Muna
Uskayaw
Vehumet
Yredelemnul


Innate Abilities, Weirdness & Mutations

You are resistant to torment.
Your stone body is resilient. (AC +5)
You are immune to poison.
You resist negative energy. (rN+)
You are resistant to electric shocks. (rElec)
You can survive without breathing.
You are immune to petrification.
You are immune to rotting.


Message History

You barely miss the orc priest.
The orc warrior hits you but does no damage.
You block the orc priest's attack.
Your shield and scale mail "Qieffu" prevent you from hitting the orc priest.
The orc warrior closely misses you.
The orc priest invokes the aid of Beogh against you.
You resist with almost no effort. You block the orc warrior's attack.
You barely miss the orc priest.
The orc priest hits you with a +0 flail of protection.
* * * LOW HITPOINT WARNING * * *
You block the orc warrior's attack.
You hit the orc priest.
The orc priest is lightly wounded.
You block the orc priest's attack.
The orc warrior hits you but does no damage.
You hit the orc priest.
The orc priest is heavily wounded.
The orc priest hits you but does no damage.
The orc warrior hits you with a +0 dire flail!
You die...

.#..........#.....'...#
.#..........#.....#...#
...........##.....#...#
########.###....#####+#
≈≈≈≈#P8#...+....#.....#
P≈..#..#...#....#.....#
⌠P..'.©#©..#....#.?...#
≈≈..#..#...#....#o....#
≈≈≈≈#P8#...#...o@.....#
########..##....#.....#
...............########
...............#
..#............#
..#............#
.[#............#
################


You could see an orc warrior and an orc priest.

Vanquished Creatures
  An ogre (D:4)
  A centaur (D:5)
  4 bullfrogs (D:6)
  2 electric eels (D:6)
  A howler monkey (D:6)
  3 crimson imps
  A bullfrog zombie (D:4)
  A centaur zombie (D:5)
  A hound (D:5)
  A human zombie (D:5)
  A bullfrog skeleton (D:6)
  2 jellies
  2 orc wizards
  3 iguanas (D:5)
  A human skeleton (D:5)
  4 worker ants
  A killer bee zombie (D:5)
  A hound zombie (D:6)
  3 gnolls (D:5)
  9 adders
  A shadow imp (D:5)
  An ooze (D:6)
  A worm (D:3)
  8 leopard geckos
  18 orcs
  A ball python (D:3)
  5 bat zombies (D:5)
  4 giant cockroaches
  8 goblins
  8 hobgoblins
  10 jackals
  4 kobolds
  A quokka (D:3)
  8 bats
  2 frilled lizards
  A jackal skeleton (D:5)
  A quokka skeleton (D:4)
  9 rats
  3 rat zombies (D:5)
137 creatures vanquished.

Notes
Turn   | Place    | Note
-------+----------+-------------------------------------------
     0 | D:1      | ClockworkOrrery the Gargoyle Fighter began the quest for
                  | the Orb.
     0 | D:1      | Reached XP level 1. HP: 14/14 MP: 1/1
   185 | D:1      | Reached XP level 2. HP: 18/19 MP: 2/2
   857 | D:2      | Reached XP level 3. HP: 12/24 MP: 3/3
  1057 | D:2      | Reached skill level 4 in Fighting
  1307 | D:2      | Reached skill level 1 in Dodging
  1729 | D:2      | Reached XP level 4. HP: 25/29 MP: 4/4
  2586 | D:3      | Reached XP level 5. HP: 33/34 MP: 5/5
  2589 | D:3      | Got a slimy scale mail
  2882 | D:4      | Found a blossoming altar of Fedhas.
  2962 | D:4      | Found a sacrificial altar of Ru.
  2969 | D:4      | Noticed an ogre
  2977 | D:4      | Killed an ogre
  2977 | D:4      | Reached skill level 5 in Fighting
  2977 | D:4      | Reached skill level 1 in Spellcasting
  2977 | D:4      | Reached XP level 6. HP: 35/40 MP: 5/7
  3313 | D:5      | Entered Level 5 of the Dungeon
  3436 | D:5      | Reached XP level 7. HP: 28/44 MP: 9/9
  3706 | D:5      | Got a polished dagger
  3846 | D:5      | Identified the +4 dagger of the Insatiable Lovers
                  | {antimagic, rElec} (You found it on level 5 of the Dungeon)
  3935 | D:5      | Found a shadowy altar of Dithmenos.
  4190 | D:5      | Found an ancient bone altar of Kikubaaqudgha.
  4248 | D:5      | Reached skill level 6 in Fighting
  4371 | D:5      | Found a runed translucent door.
  4371 | D:5      | Noticed a human
  4372 | D:5      | Found a basalt altar of Yredelemnul.
  4419 | D:5      | Found a sparkling altar of Nemelex Xobeh.
  5007 | D:6      | Found a transporter.
  5013 | D:6      | Reached skill level 5 in Armour
  5013 | D:6      | Reached XP level 8. HP: 51/51 MP: 11/11
  5027 | D:6      | Reached skill level 5 in Shields
  5166 | D:6      | Found a transporter.
  5195 | D:6      | Identified the +6 scale mail "Qieffu" {rPois rF+ MR++
                  | Dex-2} (You found it on level 3 of the Dungeon)
  5492 | D:6      | Found a radiant altar of Vehumet.
  5856 | D:6      | Found a hazy altar of Hepliaklqana.
  5857 | D:6      | Found a shattered altar of Ashenzari.
  5865 | D:6      | Became a worshipper of Ashenzari the Shackled
  6059 | D:6      | Found a hide-covered altar of Uskayaw.
  6062 | D:6      | Found a deep blue altar of Sif Muna.
  6118 | D:6      | Reached skill level 7 in Fighting
  6187 | D:6      | Slain by an orc warrior

Skill      XL: |  1  2  3  4  5  6  7  8 |
---------------+-------------------------+-----
Fighting       | 4 5 6 7 |  7.1
Dodging        | 1 2 3 |  3.1
Armour         | 4 5 |  5.5
Shields        | 4 5 |  5.4
Spellcasting   | 1 2 3 |  3.0
Maces & Flails | 3 4 |  4.0

Action                   |  1- 3 |  4- 6 |  7- 9 || total
-------------------------+-------+-------+-------++-------
Melee: Flail             |   104 |    13 |   261 ||   378
       Dagger            |    22 |   162 |       ||   184
       Morningstar       |       |    12 |       ||    12
  Use: Scroll            |       |     6 |     4 ||    10
  Eat: Chunk             |     3 |     5 |     4 ||    12
       Ration            |       |       |     2 ||     2
Armor: Scale mail        |    59 |     6 |    61 ||   126
       Chain mail        |       |    88 |   122 ||   210
Dodge: Dodged            |    30 |    46 |    94 ||   170
Block: Shield            |    79 |   117 |   136 ||   332
